 Dungeon Crawl Stone Soup version 0.31.0-11-ge490571c62 (webtiles) character file.

Game seed: 12019010278208250584

3641 qw the Markself (level 9, -4/52 HPs)
             Began as a Deep Elf Hunter on Feb 4, 2024.
             Was a Follower of Okawaru.
             Slain by Amaemon
             ... wielding a +1 demon whip of venom
              (11 damage)
             ... on level 7 of the Dungeon.
             The game lasted 00:00:41 (6793 turns).

qw the Markself (Deep Elf Hunter)                   Turns: 6793, Time: 00:00:42

Health: -4/52      AC: 14    Str: 14    XL:     9   Next: 88%
Magic:  12/13      EV: 15    Int: 15    God:    Okawaru [*.....]
Gold:   324        SH:  0    Dex: 22    Spells: 8/8 levels left

rFire   . . .        l - +1 orcbow
rCold   . . .        (shield currently unavailable)
rNeg    . . .        g - +0 ring mail
rPois   .            i - +2 hat
rElec   .            (no cloak)
rCorr   .            (no gloves)
SInv    .            h - +1 pair of boots
Will    .....        j - amulet of faith
Stlth   +++          f - +4 ring of protection
HPRegen 0.28/turn    k - +6 ring of strength
MPRegen 0.13/turn

%: faith
@: lethally poisoned (-4 -> -9), about to teleport, heroic, grasped by roots,
constricted
A: no striking features
a: Renounce Religion, Heroism


You were on level 7 of the Dungeon.
You worshipped Okawaru.
Okawaru was aware of your devotion.
You visited 2 branches of the dungeon, and saw 9 of its levels.

You collected 514 gold pieces.
You spent 190 gold pieces at shops.


   Skills:
 - Level 4.0(9.0) Fighting
 + Level 15.9(20.9) Ranged Weapons
 - Level 1.9(6.9) Armour
 - Level 6.0(11.0) Dodging
 - Level 1.2(6.2) Stealth
 + Level 3.4 Invocations


You had 8 spell levels left.
You didn't know any spells.
Your spell library was empty.

Inventory:

Hand Weapons
 l - a +1 orcbow (weapon)
Armour
 g - a +0 ring mail (worn)
 h - a +1 pair of boots (worn)
 i - a +2 hat (worn)
Jewellery
 e - an amulet of reflection
 f - a +4 ring of protection (left hand)
 j - an amulet of faith (around neck)
 k - a +6 ring of strength (right hand)
Wands
 a - a wand of roots (7)
 o - a wand of mindburst (10)
Potions
 b - 2 potions of enlightenment
 d - 4 potions of heal wounds
 n - a potion of curing

Dungeon Overview and Level Annotations

Branches:
Dungeon (8/15)             Temple (1/1) D:5
   Lair: D:8-11

Altars:
Ashenzari
Dithmenos
Fedhas
Gozag
Hepliaklqana
Kikubaaqudgha
Makhleb
Nemelex Xobeh
Okawaru
Ru
Trog
Uskayaw
Vehumet
Wu Jian
Xom
Zin
The Shining One

Shops:
D:1 ?   D:4 *

Annotations:
D:7 Amaemon


Message History

6786 ||| STAIRDANCE You feel sick.
Amaemon completely misses you. Amaemon claws you but does no damage.
Amaemon closely misses you.
The ribbon worm expels a string of sticky webbing.
The stream of webbing hits you but does no damage.
You are caught in a web!
You climb upwards.
You feel sick.
There is a stone staircase leading down, spattered with blood here.
You shoot an arrow. The arrow hits the ribbon worm!
The ribbon worm is severely wounded.
You feel sick.
You shoot an arrow. The arrow hits the ribbon worm!
You kill the ribbon worm!
Okawaru accepts your kill.
Amaemon gestures wildly while chanting.
You shoot an arrow. The arrow hits Amaemon.
Amaemon is lightly wounded.
You feel sick.
Amaemon zaps a wand.
The roots erupt in riotous growth!
The grasping roots grab you!
Amaemon is unaffected.
The scorpion is unaffected.
The grasping roots constrict you.
The scorpion stings you but does no damage.
You shoot an arrow. The arrow hits Amaemon!
Amaemon is moderately wounded.
You feel sick.
Amaemon completely misses you. x2; Amaemon closely misses you.
The grasping roots constrict you. The scorpion closely misses you.
You shoot an arrow. The arrow completely misses Amaemon.
You feel sick.
You are no longer poisoned.
Amaemon hits you with a +1 demon whip of venom!
You are poisoned.
Amaemon barely misses you. Amaemon tail-slaps you.
The grasping roots constrict you.
6793 ||| READING scroll of teleportation.
As you read the scroll of teleportation, it crumbles to dust.
You feel strangely unstable.
You feel sick.
The scorpion stings you but does no damage.
Amaemon hits you with a +1 demon whip of venom!
You die...

#.....####+#####.........'..
#..............#.........#..
#..............#.........#..
#..............#.........#..
#..............#.........###
#..............'............
#..............#............
#.....##..6[...#............
#.....##..)@s..#............
#......#....)..##########...
#......#........+.......#...
#......#........#.......#.%.
#.....##.......##.......'...
#.....##.......##.....<.#...
#.......................#...
#.......................#...
#..............##.......#...


You could see Amaemon and a scorpion (summoned).

Vanquished Creatures
  A steam dragon (D:7)
  A water moccasin (D:5)
  2 black bears (D:7)
  2 sky beasts (D:6)
  2 orc warriors
  An ice beast (D:5)
  8 ogres
  2 centaurs (D:5)
  2 phantoms
  2 kobold brigands (D:7)
  2 bullfrogs
  3 scorpions
  3 necrophages (D:4)
  2 howler monkeys
  A bullfrog zombie (D:4)
  A centaur zombie (D:4)
  A sleepcap (D:5)
  5 bombardier beetles
  A jelly (D:6)
  An orc priest (D:3)
  2 gnoll boudas
  4 hounds
  Jessica (D:3)
  4 orc wizards
  6 iguanas
  10 gnolls
  6 adders
  2 shadow imps (D:5)
  3 white imps
  An adder zombie (D:4)
  A ribbon worm (D:7)
  2 dart slugs
  18 orcs
  5 endoplasms
  2 giant cockroaches
  12 goblins
  9 hobgoblins
  2 jackals (D:5)
  4 quokkas
  8 ball pythons
  3 bats
  2 frilled lizards (D:3)
  16 kobolds
166 creatures vanquished.

Notes
Turn   | Place    | Note
-------+----------+-------------------------------------------
     0 | D:1      | qw the Deep Elf Hunter began the quest for the Orb.
     0 | D:1      | Reached XP level 1. HP: 12/12 MP: 3/3
     0 | D:1      | 0 ||| qw: Version: 0.3-a-160-g6735b56
     0 | D:1      | 0 ||| qw: Game counter: 4695
     0 | D:1      | 0 ||| qw: Melee chars always use a shield: true
     0 | D:1      | 0 ||| qw: God list: Okawaru
     0 | D:1      | 0 ||| qw: Allow faded altars: false
     0 | D:1      | 0 ||| qw: Do Orc after clearing Dungeon:15 true
     0 | D:1      | 0 ||| qw: Do second Lair branch before Depths: true
     0 | D:1      | 0 ||| qw: Lair rune preference: random
     0 | D:1      | 0 ||| qw: Goals: Normal
     0 | D:1      | 0 ||| PLANNING D:1-11
   124 | D:1      | Reached XP level 2. HP: 16/16 MP: 4/4
   146 | D:1      | Reached skill level 6 in Ranged Weapons
   434 | D:1      | Found Urraajio's Magic Scroll Boutique.
   443 | D:1      | 443 ||| SHOPLISTING scroll of brand weapon (133 gold, have
                  | 71).
   443 | D:1      | 443 ||| SHOPLISTING scroll of enchant armour (105 gold,
                  | have 71).
   443 | D:1      | 443 ||| SHOPLISTING scroll of enchant weapon (105 gold,
                  | have 71).
   443 | D:1      | 443 ||| BUYING scroll of identify (28 gold).
   443 | D:1      | Bought a scroll of identify for 28 gold pieces
   443 | D:1      | 443 ||| BUYING scroll of identify (28 gold).
   443 | D:1      | Bought a scroll of identify for 28 gold pieces
   443 | D:1      | 443 ||| SHOPLISTING scroll of identify (28 gold, have 15).
   552 | D:1      | 552 ||| UPGRADING to +2 hat.
   557 | D:1      | 557 ||| UPGRADING to amulet of faith.
   562 | D:1      | 562 ||| UPGRADING to +4 ring of protection.
   563 | D:1      | 563 ||| UPGRADING to +6 ring of strength.
   564 | D:1      | 564 ||| READING 2 scrolls of identify.
   564 | D:1      | 564 ||| IDENTIFYING bubbling golden potion
   565 | D:1      | 565 ||| READING scroll of identify.
   565 | D:1      | 565 ||| IDENTIFYING 3 metallic amethyst potions
   566 | D:1      | 566 ||| READING scroll labelled VEAXKI OSYOPS.
   567 | D:1      | 567 ||| READING scroll labelled DUPLOU CUTUA.
   571 | D:1      | 571 ||| READING scroll labelled JIXKYX DOPSYI.
   672 | D:1      | 672 ||| READING scroll labelled ZEUNU QEHIAXI.
   673 | D:1      | 673 ||| READING scroll labelled KUM MODYCYRAM.
   774 | D:1      | 774 ||| DROPPING scroll of butterflies.
   775 | D:1      | 775 ||| DROPPING 3 potions of attraction.
   848 | D:2      | Reached XP level 3. HP: 20/20 MP: 5/5
  1072 | D:2      | Reached skill level 7 in Ranged Weapons
  1447 | D:2      | 1447 ||| READING 2 scrolls labelled JIULOD FIYZXEI.
  1448 | D:2      | 1448 ||| READING scroll labelled RESTRI HEVO.
  1449 | D:2      | 1449 ||| DROPPING scroll of immolation.
  1539 | D:3      | Reached XP level 4. HP: 25/25 MP: 6/6
  1551 | D:3      | Noticed Jessica
  1556 | D:3      | Killed Jessica
  1664 | D:3      | Found a sacrificial altar of Ru.
  1680 | D:3      | Reached skill level 8 in Ranged Weapons
  1682 | D:3      | Found a glowing silver altar of Zin.
  1992 | D:3      | Reached skill level 3 in Dodging
  1992 | D:3      | Reached XP level 5. HP: 29/29 MP: 7/7
  2002 | D:3      | Identified the +0 robe "Cuphu" {Fly Int-4 Archmagi}
  2023 | D:3      | Found an opulent altar of Gozag.
  2454 | D:3      | 2454 ||| UPGRADING to +0 ring mail.
  2464 | D:3      | 2464 ||| DROPPING +0 leather armour.
  2465 | D:3      | 2465 ||| UPGRADING to +0 pair of boots.
  2470 | D:3      | 2470 ||| DROPPING +0 robe "Cuphu" {Fly Int-4 Archmagi}.
  2471 | D:3      | 2471 ||| READING 2 scrolls of identify.
  2471 | D:3      | 2471 ||| IDENTIFYING bubbling orange potion
  2472 | D:3      | 2472 ||| READING scroll of identify.
  2472 | D:3      | 2472 ||| IDENTIFYING golden potion
  2473 | D:3      | 2473 ||| READING scroll labelled EWOQEWKIPNUU.
  2473 | D:3      | 2473 ||| ENCHANTING +0 pair of boots.
  2502 | D:4      | Found Tidetoang's CLEARANCE SALE!.
  2513 | D:4      | 2513 ||| SHOPLISTING +4 sling of Integrity {antimagic, rC++
                  | Will- Str+3} (204 gold, have 171).
  2513 | D:4      | 2513 ||| BUYING potion of haste (40 gold).
  2513 | D:4      | Bought a potion of haste for 40 gold pieces
  2513 | D:4      | 2513 ||| BUYING scroll of enchant weapon (30 gold).
  2513 | D:4      | Bought a scroll of enchant weapon for 30 gold pieces
  2513 | D:4      | 2513 ||| BUYING scroll of identify (8 gold).
  2513 | D:4      | Bought a scroll of identify for 8 gold pieces
  2513 | D:4      | 2513 ||| BUYING wand of mindburst (10) (56 gold).
  2513 | D:4      | Bought a wand of mindburst (10) for 56 gold pieces
  2513 | D:4      | 2513 ||| READING 2 scrolls of enchant weapon.
  2513 | D:4      | 2513 ||| ENCHANTING +0 shortbow.
  2514 | D:4      | 2514 ||| READING scroll of enchant weapon.
  2514 | D:4      | 2514 ||| ENCHANTING +1 shortbow.
  2554 | D:4      | Reached skill level 9 in Ranged Weapons
  2557 | D:4      | Noticed an ogre
  2559 | D:4      | 2559 ||| DRINKING potion of haste.
  2568 | D:4      | Killed an ogre
  2569 | D:4      | Reached XP level 6. HP: 23/35 MP: 8/8
  2655 | D:4      | Found a radiant altar of Vehumet.
  2729 | D:4      | Reached skill level 10 in Ranged Weapons
  2777 | D:4      | Found a blossoming altar of Fedhas.
  2833 | D:4      | Found a glowing golden altar of the Shining One.
  2841 | D:4      | Found a shadowy altar of Dithmenos.
  2971 | D:4      | Found a shimmering altar of Xom.
  2983 | D:4      | Reached skill level 1 in Armour
  2983 | D:4      | Reached XP level 7. HP: 40/40 MP: 9/9
  3138 | D:4      | 3138 ||| RETREEEEATING.
  3139 | D:4      | 3139 ||| RETREEEEATING.
  3140 | D:4      | 3140 ||| RETREEEEATING.
  3141 | D:4      | 3141 ||| RETREEEEATING.
  3142 | D:4      | 3142 ||| RETREEEEATING.
  3143 | D:4      | 3143 ||| RETREEEEATING.
  3144 | D:4      | 3144 ||| RETREEEEATING.
  3145 | D:4      | 3145 ||| RETREEEEATING.
  3146 | D:4      | 3146 ||| RETREEEEATING.
  3147 | D:4      | 3147 ||| RETREEEEATING.
  3148 | D:4      | 3148 ||| RETREEEEATING.
  3149 | D:4      | 3149 ||| RETREEEEATING.
  3150 | D:4      | 3150 ||| RETREEEEATING.
  3151 | D:4      | 3151 ||| RETREEEEATING.
  3152 | D:4      | 3152 ||| RETREEEEATING.
  3153 | D:4      | 3153 ||| RETREEEEATING.
  3154 | D:4      | 3154 ||| RETREEEEATING.
  3155 | D:4      | 3155 ||| RETREEEEATING.
  3156 | D:4      | 3156 ||| RETREEEEATING.
  3157 | D:4      | 3157 ||| RETREEEEATING.
  3158 | D:4      | 3158 ||| RETREEEEATING.
  3159 | D:4      | 3159 ||| RETREEEEATING.
  3160 | D:4      | 3160 ||| RETREEEEATING.
  3161 | D:4      | 3161 ||| RETREEEEATING.
  3162 | D:4      | 3162 ||| RETREEEEATING.
  3163 | D:4      | 3163 ||| RETREEEEATING.
  3164 | D:4      | 3164 ||| RETREEEEATING.
  3165 | D:4      | 3165 ||| RETREEEEATING.
  3171 | D:4      | 3171 ||| RETREEEEATING.
  3172 | D:4      | 3172 ||| RETREEEEATING.
  3173 | D:4      | 3173 ||| RETREEEEATING.
  3174 | D:4      | 3174 ||| RETREEEEATING.
  3175 | D:4      | 3175 ||| RETREEEEATING.
  3176 | D:4      | 3176 ||| RETREEEEATING.
  3177 | D:4      | 3177 ||| RETREEEEATING.
  3178 | D:4      | 3178 ||| RETREEEEATING.
  3179 | D:4      | 3179 ||| RETREEEEATING.
  3189 | D:4      | Reached skill level 11 in Ranged Weapons
  3232 | D:4      | 3232 ||| READING 2 scrolls of identify.
  3232 | D:4      | 3232 ||| IDENTIFYING murky dark potion
  3233 | D:4      | 3233 ||| READING scroll of identify.
  3233 | D:4      | 3233 ||| IDENTIFYING scroll labelled NIMU FAXKURID
  3234 | D:4      | 3234 ||| DROPPING scroll of poison.
  3235 | D:4      | 3235 ||| DROPPING potion of berserk rage.
  3258 | D:5      | Entered Level 5 of the Dungeon
  3259 | D:5      | 3259 ||| STAIRDANCE
  3357 | D:5      | 3357 ||| STAIRDANCE
  3363 | D:5      | 3363 ||| STAIRDANCE
  3416 | D:5      | 3416 ||| STAIRDANCE
  3439 | D:5      | 3439 ||| STAIRDANCE
  3465 | D:5      | 3465 ||| STAIRDANCE
  3470 | D:5      | 3470 ||| STAIRDANCE
  3524 | D:5      | Reached skill level 12 in Ranged Weapons
  3524 | D:5      | Reached XP level 8. HP: 44/44 MP: 10/10
  3581 | D:5      | 3581 ||| READING scroll of enchant weapon.
  3581 | D:5      | 3581 ||| ENCHANTING +2 shortbow.
  3741 | D:5      | You fall into a shaft and drop 1 floor!
  3778 | D:6      | Reached skill level 3 in Fighting
  3924 | D:6      | Reached skill level 13 in Ranged Weapons
  3925 | D:6      | 3925 ||| READING scroll labelled XUHUGO ERATH.
  4136 | D:5      | Found a bloodstained altar of Trog.
  4323 | D:5      | Reached skill level 14 in Ranged Weapons
  4323 | D:5      | Reached XP level 9. HP: 27/51 MP: 11/11
  4418 | D:5      | 4418 ||| SWAPPING to +0 orcbow.
  4419 | D:5      | 4419 ||| DROPPING +3 shortbow.
  4458 | D:5      | Reached skill level 6 in Dodging
  4667 | D:5      | Found a staircase to the Ecumenical Temple.
  4668 | D:5      | 4668 ||| PLANNING TEMPLE
  4675 | Temple   | Entered the Ecumenical Temple
  4676 | Temple   | 4676 ||| PLANNING OKAWARU WORSHIP
  4682 | Temple   | Became a worshipper of Warmaster Okawaru
  4683 | Temple   | 4683 ||| PLANNING D:1-11
  5018 | D:4      | 5018 ||| READING 2 scrolls of identify.
  5018 | D:4      | 5018 ||| IDENTIFYING bubbling sapphire potion
  5019 | D:4      | 5019 ||| DROPPING potion of invisibility.
  5185 | D:6      | Reached skill level 15 in Ranged Weapons
  5264 | D:6      | 5264 ||| READING scroll of enchant weapon.
  5264 | D:6      | 5264 ||| ENCHANTING +0 orcbow.
  5787 | D:6      | 5787 ||| READING 2 scrolls of identify.
  5787 | D:6      | 5787 ||| IDENTIFYING bubbling blue potion
  5788 | D:6      | 5788 ||| READING scroll of identify.
  5788 | D:6      | 5788 ||| IDENTIFYING scroll labelled HUAJEXEILI
  5789 | D:6      | 5789 ||| READING scroll labelled ZADOIH EMUVEC.
  5790 | D:6      | 5790 ||| DROPPING potion of brilliance.
  5791 | D:6      | 5791 ||| DROPPING scroll of fog.
  5908 | D:7      | Reached * piety under Okawaru
  6013 | D:7      | Found a flagged portal.
  6089 | D:7      | Reached skill level 1 in Invocations
  6172 | D:7      | 6172 ||| Stepping ~*~*~tactically~*~*~ (cloud).
  6505 | D:7      | Reached skill level 3 in Invocations
  6676 | D:8      | Noticed Amaemon
  6677 | D:8      | 6677 ||| STAIRDANCE
  6702 | D:8      | Noticed an orange demon
  6703 | D:8      | 6703 ||| STAIRDANCE
  6713 | D:8      | 6713 ||| STAIRDANCE
  6742 | D:8      | 6742 ||| STAIRDANCE
  6783 | D:8      | 6783 ||| INVOKING Heroism.
  6786 | D:8      | 6786 ||| STAIRDANCE
  6792 | D:7      | HP: 9/52 [constriction (5)]
  6793 | D:7      | 6793 ||| READING scroll of teleportation.
  6793 | D:7      | Slain by Amaemon

Levels and vault maps discovered:
D:1:      dpeg_arrival_pond, layout_basic, serial_shops,
          nicolae_shop_tiny_waterfront
D:2:      layout_basic
D:3:      layout_loops_corners, grunt_gozag_breadcrumbs, zin_treasury,
          lemuel_round_altar, uniq_jessica
D:4:      layout_cave_pools, mainiacjoe_overflow_six_doors_small,
          nicolae_overflow_hidden_temple, mainiacjoe_overflow_big_doors,
          fedhas_altar_decomposition, nicolae_shop_clearance
D:5:      minmay_razor_zed, layout_basic, mainiacjoe_overflow_boulevard,
          minmay_temple_entry_junction
D:6:      layout_loops_ring, minmay_ogre_servants
D:7:      layout_gridville, enter_bailey_2
D:8:      layout_loops_corners, slow_altar_1, kennysheep_mini_moat,
          lair_entry_dummy, uniq_amaemon
Temple:   nicolae_temple_ecumenical_triangle

Skill      XL: |  1  2  3  4  5  6  7  8  9 |
---------------+----------------------------+-----
Ranged Weapons | 6 7 8 9 10 12 14 15 | 15.9
Dodging        | 3 4 5 6 |  6.0
Fighting       | 2 3 4 |  4.0
Armour         | 1 |  1.9
Invocations    | 3 |  3.4
Stealth        | |  1.2

Action                     |  1- 3 |  4- 6 |  7- 9 || total
---------------------------+-------+-------+-------++-------
   Fire: Shortbow          |    88 |   121 |   225 ||   434
         Orcbow            |       |       |   259 ||   259
 Invoke: Heroism           |       |       |     1 ||     1
    Use: Scroll            |     9 |     5 |    10 ||    24
         Potion            |       |     1 |       ||     1
 Armour: Leather armour    |    13 |    12 |       ||    25
         Ring mail         |       |    10 |   143 ||   153
  Dodge: Dodged            |    17 |    18 |   153 ||   188

Table legend:
 A = Non-vault XP
 B = Vault XP
 C = Vault XP percentage of total XP
 D = Non-vault monster count
 E = Vault monster count
 F = Vault count percentage of total count
                 A         B        C        D         E       F
            +---------+---------+-------+---------+---------+-------
      Total |    3912 |    1290 |  24.8 |     133 |      33 |  19.9
            +---------+---------+-------+---------+---------+-------
        D:1 |      28 |       0 |   0.0 |      17 |       0 |   0.0
        D:2 |      64 |       0 |   0.0 |      12 |       0 |   0.0
        D:3 |     195 |      37 |  15.9 |      19 |       1 |   5.0
        D:4 |     638 |     351 |  35.5 |      23 |       6 |  20.7
        D:5 |     630 |     757 |  54.6 |      19 |      16 |  45.7
        D:6 |    1154 |     140 |  10.8 |      16 |       9 |  36.0
        D:7 |    1188 |       5 |   0.4 |      26 |       1 |   3.7
        D:8 |      15 |       0 |   0.0 |       1 |       0 |   0.0
            +---------+---------+-------+---------+---------+-------
